 Dungeon Crawl Stone Soup version 0.21.1-1-g345015f (webtiles) character file.

4801 nicolaieve the Severer (level 10, -7/81 HPs)
             Began as a Minotaur Berserker on July 18, 2018.
             Was a High Priest of Trog.
             Mangled by a two-headed ogre
             ... wielding a cursed -1 giant club
              (20 damage)
             ... on level 7 of the Dungeon.
             The game lasted 00:21:58 (5284 turns).

nicolaieve the Severer (Minotaur Berserker)         Turns: 5284, Time: 00:21:59

Health: -7/81      AC: 17    Str: 22 (24) XL:     10   Next: 24%
Magic:  9/9        EV:  9    Int:  1 (4)  God:    Trog [*****.]
Gold:   373        SH:  0    Dex: 14 (17) Spells: 9/9 levels left

rFire    + . .     SeeInvis .   v - +0 war axe
rCold    . . .     Gourm    .   (no shield)
rNeg     . . .     Faith    .   E - +2 chain mail {rF+}
rPois    .         Spirit   .   (helmet restricted)
rElec    .         Reflect  .   H - +0 cloak
rCorr    .         Harm     .   K - +1 pair of gloves
MR       ++...                  h - +2 pair of boots
Stlth    ..........             (no amulet)
HPRegen  1.23/turn              k - +6 ring of dexterity
MPRegen  0.11/turn              r - ring of flight

@: berserk cooldown, regenerating
A: retaliatory headbutt, horns 2
a: Berserk, Trog's Hand, Brothers in Arms, Burn Spellbooks, Renounce Religion,
Evoke Flight


You were on level 7 of the Dungeon.
You worshipped Trog.
Trog was extremely pleased with you.
You were very hungry.

You visited 1 branch of the dungeon, and saw 8 of its levels.

You collected 373 gold pieces.

Inventory:

Hand Weapons
 v - a +0 war axe (weapon)
 B - a +3 flail of crushing
Armour
 h - a +2 pair of boots (worn)
 E - a +2 chain mail of fire resistance (worn)
 H - a +0 cloak (worn)
 K - a +1 pair of gloves (worn)
Jewellery
 k - a +6 ring of dexterity (left hand)
 r - a ring of flight (right hand)
Wands
 D - a wand of digging (9)
 G - a wand of polymorph (15)
Scrolls
 b - 2 scrolls of noise {unknown}
 d - 4 scrolls of enchant armour {unknown}
 e - a scroll of random uselessness {unknown}
 f - a scroll of amnesia {unknown}
 i - 3 scrolls of remove curse {unknown}
 n - 9 scrolls of teleportation {unknown}
 o - a scroll of fog {unknown}
 p - a scroll of immolation {unknown}
 q - 2 scrolls of identify {unknown}
 s - a scroll of silence {unknown}
 y - 2 scrolls of enchant weapon {unknown}
 A - a scroll of fear {unknown}
 I - a scroll of magic mapping {unknown}
Potions
 a - a potion of might {unknown}
 g - 2 potions of resistance {unknown}
 j - a potion of brilliance {unknown}
 l - 2 potions of degeneration
 m - a potion of flight {unknown}
 t - 2 potions of lignification {unknown}
 u - 6 potions of curing {unknown}
 w - a potion of magic {unknown}
 z - 2 potions of cancellation {unknown}
 C - 2 potions of heal wounds {unknown}
 F - a potion of invisibility {unknown}
 J - a potion of agility {unknown}
Comestibles
 c - 14 rations
 x - 4 chunks of flesh


   Skills:
 - Level 5.4 Fighting
 + Level 16.2 Axes
 - Level 4.0 Armour
 - Level 2.9 Dodging
 - Level 0.1 Stealth


You had 9 spell levels left.
You didn't know any spells.

Dungeon Overview and Level Annotations

Branches:
Dungeon (8/15)             Temple (0/1) D:7
   Lair: D:8-11

Altars:
Ashenzari
Cheibriados
Elyvilon
Gozag
Nemelex Xobeh

Shops:
D:7 }


Innate Abilities, Weirdness & Mutations

You reflexively headbutt those who attack you in melee.
You have a pair of horns on your head.


Message History

You feel yourself speed up.
The two-headed ogre hits you but does no damage.
The two-headed ogre barely misses you.
Unknown command.
You barely miss the two-headed ogre. You headbutt the two-headed ogre.
The two-headed ogre is heavily wounded.
You feel the effects of Trog's Hand fading.
The two-headed ogre hits you with a giant club!
* * * LOW HITPOINT WARNING * * *
The two-headed ogre barely misses you.
Unknown command.
You slash the two-headed ogre! You headbutt the two-headed ogre!
The two-headed ogre is almost dead.
Unknown command.
You hit the two-headed ogre but do no damage.
Your headbutt misses the two-headed ogre.
The two-headed ogre is almost dead.
The two-headed ogre hits you but does no damage.
The two-headed ogre hits you with a giant spiked club!!
You die...

#.# #.#∩.#...######. #.#
#.#..####......#
##.######.#..####.#####. ###
##.......................
#####<###....(........###..###.##
.............#####.#..# #..# #.#
#####.###...#.........###..###.##
....### ##.##.######...#####.....
.##.########...#@O##...##.<#.....
...............#...#...#..^###.##
############.(.##..#...#'.## #.#
# ##.#####.....######.# #
#................##.# #
#.#(......8.........# #
#.##(....)....(..#### #
#.##.###.....###.# #
#.####..#...#'.###


You could see a two-headed ogre.

Vanquished Creatures
  Erica (D:8)
  A two-headed ogre (D:8)
  The ghost of Kuinu the Slasher, an amateur MiFi of Xom (D:5)
  Prince Ribbit (D:5)
  Grinder (D:6)
  A hippogriff (D:7)
  The ghost of theblackcape the Charmwright, an amateur GnSk (D:4)
  Edmund (D:5)
  Duvessa (D:6)
  A water moccasin (D:7)
  An orc warrior (D:6)
  Purgy (D:3)
  An ogre (D:6)
  A sky beast (D:6)
  A phantom (D:6)
  2 centaurs
  3 bullfrogs
  Blork the orc (D:5)
  Dowan (D:6)
  A scorpion (D:7)
  4 killer bees (D:5)
  4 crimson imps (D:5)
  A bullfrog zombie (D:6)
  3 hounds
  4 orc wizards
  Crazy Yiuf (D:6)
  7 orc priests
  A jelly (D:7)
  A centaur skeleton (D:4)
  3 iguanas
  4 worker ants
  A hound zombie (D:5)
  The ghost of dscm the Digger, a weakling GrEE (D:3)
  10 adders
  2 shadow imps
  2 oozes (D:2)
  2 adder skeletons
  2 worms
  2 dart slugs (D:2)
  5 leopard geckos
  26 orcs
  5 giant cockroaches
  12 goblins
  7 hobgoblins
  5 jackals
  7 kobolds
  5 quokkas
  2 ball pythons
  10 bats
  4 frilled lizards
  A leopard gecko skeleton (D:5)
  A quokka skeleton (D:5)
  A quokka zombie (D:7)
  8 rats
177 creatures vanquished.

Notes
Turn   | Place    | Note
-------+----------+-------------------------------------------
     0 | D:1      | nicolaieve the Minotaur Berserker began the quest for the Orb.
     0 | D:1      | Reached XP level 1. HP: 19/19 MP: 0/0
   240 | D:1      | Reached XP level 2. HP: 22/27 MP: 1/1
   255 | D:1      | Reached skill level 4 in Axes
   580 | D:1      | Reached ** piety under Trog
   584 | D:1      | Reached XP level 3. HP: 33/33 MP: 2/2
   751 | D:2      | Reached XP level 4. HP: 33/41 MP: 3/3
   777 | D:2      | Reached skill level 5 in Axes
   777 | D:2      | Reached XP level 5. HP: 8/47 MP: 4/4
   954 | D:2      | Reached skill level 5 in Fighting
  1023 | D:2      | Found a snail-covered altar of Cheibriados.
  1629 | D:3      | Noticed dscm's ghost (weakling GrEE)
  1639 | D:3      | Killed dscm's ghost
  1639 | D:3      | Reached *** piety under Trog
  1913 | D:3      | Found a white marble altar of Elyvilon.
  1930 | D:3      | Reached XP level 6. HP: 31/56 MP: 5/5
  1931 | D:3      | Found a shattered altar of Ashenzari.
  1944 | D:3      | Found a sparkling altar of Nemelex Xobeh.
  1945 | D:3      | Noticed Purgy
  1958 | D:3      | Killed Purgy
  1958 | D:3      | Reached skill level 6 in Axes
  2364 | D:4      | Reached skill level 7 in Axes
  2513 | D:4      | Noticed theblackcape's ghost (amateur GnSk)
  2521 | D:4      | Killed theblackcape's ghost
  2521 | D:4      | Reached skill level 8 in Axes
  2521 | D:4      | Reached XP level 7. HP: 61/61 MP: 6/6
  2574 | D:4      | Found an opulent altar of Gozag.
  2893 | D:5      | Entered Level 5 of the Dungeon
  2913 | D:4      | Reached **** piety under Trog
  2917 | D:4      | Reached skill level 9 in Axes
  2923 | D:5      | Noticed Kuinu's ghost (amateur MiFi)
  3036 | D:5      | Killed Kuinu's ghost
  3036 | D:5      | Reached skill level 10 in Axes
  3036 | D:5      | Reached XP level 8. HP: 69/69 MP: 7/7
  3308 | D:5      | Noticed Blork the orc
  3366 | D:5      | Killed Blork the orc
  3366 | D:5      | Reached skill level 11 in Axes
  3400 | D:5      | Noticed Edmund
  3413 | D:5      | Killed Edmund
  3565 | D:5      | Noticed Prince Ribbit
  3573 | D:5      | Killed Prince Ribbit
  3573 | D:5      | Reached skill level 12 in Axes
  3834 | D:6      | Noticed Duvessa
  3835 | D:6      | Noticed Dowan
  3841 | D:6      | Killed Duvessa
  3842 | D:6      | Killed Dowan
  3913 | D:6      | Reached XP level 9. HP: 74/74 MP: 8/8
  3924 | D:6      | Reached skill level 13 in Axes
  4021 | D:6      | Reached ***** piety under Trog
  4103 | D:6      | Found a runed door.
  4185 | D:6      | Noticed Crazy Yiuf
  4189 | D:6      | Killed Crazy Yiuf
  4480 | D:6      | Noticed Grinder
  4489 | D:6      | Killed Grinder
  4489 | D:6      | Reached skill level 14 in Axes
  4735 | D:7      | Found Echyngir's Gadget Emporium.
  4962 | D:7      | Found a staircase to the Ecumenical Temple.
  5004 | D:7      | Reached skill level 15 in Axes
  5239 | D:8      | Noticed Erica
  5239 | D:8      | Noticed a two-headed ogre
  5248 | D:8      | Killed Erica
  5248 | D:8      | Reached XP level 10. HP: 81/81 MP: 9/9
  5252 | D:8      | Killed a two-headed ogre
  5252 | D:8      | Reached skill level 16 in Axes
  5265 | D:8      | Noticed a two-headed ogre
  5284 | D:7      | Mangled by a two-headed ogre

Skill      XL: |  1  2  3  4  5  6  7  8  9 10 |
---------------+-------------------------------+-----
Axes           | 4 5 8 10 12 15 16 | 16.2
Fighting       | 4 5 |  5.4
Armour         | 3 4 |  4.0
Dodging        | |  2.9
Stealth        | |  0.1

Action                   |  1- 3 |  4- 6 |  7- 9 | 10-12 || total
-------------------------+-------+-------+-------+-------++-------
Melee: Hand axe          |    67 |   145 |    67 |       ||   279
       Headbutt          |    11 |    26 |    65 |     5 ||   107
       War axe           |       |       |   163 |     9 ||   172
Invok: Trog's Hand       |       |     2 |     1 |     1 ||     4
       Berserk           |       |     2 |     5 |       ||     7
  Use: Potion            |       |       |       |     1 ||     1
  Eat: Chunk             |       |     7 |    10 |     1 ||    18
       Ration            |       |       |     1 |       ||     1
Armor: Ring mail         |    26 |    29 |    27 |       ||    82
       Leather armour    |     8 |       |       |       ||     8
       Scale mail        |       |       |    14 |       ||    14
       Chain mail        |       |       |    29 |     4 ||    33
Dodge: Dodged            |    42 |    79 |   118 |    10 ||   249
